 Dungeon Crawl Stone Soup version 0.31-b1-20-g67cafac56d (webtiles) character file.

Game seed: 4283956520599724989

52 NamelessAdventurer the Shield-Bearer (level 3, -3/3 HPs)
             Began as a Troll Fighter on Jan 17, 2024.
             Was a Follower of Cheibriados.
             Slain by a ribbon worm (6 damage)
             ... on level 2 of the Dungeon.
             The game lasted 00:04:10 (1234 turns).

NamelessAdventurer the Shield-Bearer (TrFi)         Turns: 1234, Time: 00:04:14

Health: -3/3       AC:  2    Str: 26    XL:     3   Next: 60%
Magic:  2/2        EV:  5    Int:  8    God:    Cheibriados [*.....]
Gold:   236        SH:  0    Dex: 11    Spells: 2/2 levels left

rFire   . .          .
                       - Unarmed
rCold   + . .        b - melded +0 kite shield
rNeg    . . .        a - +0 robe
rPois   .            (helmet restricted)
rElec   .            (no cloak)
rCorr   .            (gloves unavailable)
SInv    .            (boots unavailable)
Will    .....        (no amulet)
Stlth   +            f - ring of protection from cold
HPRegen 1.00/turn    (no ring)
MPRegen 0.08/turn

%: no passive effects
@: blade hands, held, very slow
A: reduced hp, large, unfitting armour, (claws 3), regeneration 1, shaggy fur 1,
tough skin 1
a: Begin Untransformation, Renounce Religion, Bend Time


You were on level 2 of the Dungeon.
You worshipped Cheibriados.
Cheibriados was aware of your devotion.
You had blades for hands.
You visited 1 branch of the dungeon, and saw 3 of its levels.

You collected 236 gold pieces.

Inventory:

Armour
 a - a +0 robe (worn)
 b - a +0 kite shield (melded)
Jewellery
 f - a ring of protection from cold (left blade hand)
Talismans
 e - a beast talisman
 i - a blade talisman (active)
Scrolls
 h - a scroll of immolation
Potions
 c - a potion of might
 g - a potion of enlightenment {unknown}


   Skills:
 * Level 2.7 Fighting
 * Level 0.2 Armour
 * Level 2.7 Dodging
 * Level 0.3 Stealth
 * Level 3.0 Shields
 * Level 2.5 Unarmed Combat
 * Level 0.6 Shapeshifting


You had 2 spell levels left.
You didn't know any spells.
Your spell library contained the following spells:

 Spells                   Type           Power      Damage    Failure   Level
 Ensorcelled Hibernation  Hex/Ice        0%         N/A       54%         2
 Mercury Vapours          Alch/Air       0%         N/A       54%         2
 Dazzling Flash           Conj/Hex       0%         N/A       78%         3
 Fugue of the Fallen      Necr           0%         N/A       78%         3
 Mephitic Cloud           Conj/Alch/Air  0%         N/A       78%         3
 Anguish                  Hex/Necr       0%         N/A       99%         4
 Curse of Agony           Necr           0%         N/A       100%        5
 Freezing Cloud           Conj/Ice/Air   0%         6-21      100%        5
 Silence                  Hex/Air        0%         N/A       100%        5


Dungeon Overview and Level Annotations

Branches:
Dungeon (3/15)

Altars:
Cheibriados

Annotations:
D:3 1 runed translucent door, tdog's ghost, amateur SpBr


Innate Abilities, Weirdness & Mutations

You have blades for hands.
Your maximum health is decreased, since you lack skill for your form.
You are incapable of wielding weapons or throwing items.
You are too large for most types of armour.
((You have claws for hands.))
Your natural rate of healing is unusually fast.
You are covered in fur. (AC +1)
You have tough skin. (AC +1)


Message History

You miss the frilled lizard. The frilled lizard bites you.
You barely miss the frilled lizard. The frilled lizard barely misses you.
You miss the frilled lizard. The frilled lizard bites you.
You hit the frilled lizard.
You kill the frilled lizard!
Cheibriados appreciates the change of pace.
You open the door.
A bat comes into view.
There is an open door here.
The bat hits you.
You barely miss the bat. The bat closely misses you. The bat barely misses you.
You hit the bat.
The bat is severely wounded.
The bat completely misses you. The bat barely misses you.
You hit the bat but do no damage.
The bat is severely wounded.
The bat barely misses you. The bat hits you but does no damage.
You hit the bat.
You kill the bat!
Cheibriados thoroughly appreciates the change of pace.
You open the door.
There is an open door here.
A ribbon worm comes into view.
The ribbon worm expels a string of sticky webbing.
The stream of webbing hits you but does no damage.
You are caught in a web!
The ribbon worm expels a string of sticky webbing.
The stream of webbing hits you but does no damage.
You are even more entangled.
There is a web here.
The web tears apart.
A ribbon worm is nearby!
You begin untransforming.
You continue untransforming.
The ribbon worm expels a string of sticky webbing.
The stream of webbing hits you but does no damage.
You are caught in a web!
You continue untransforming.
The ribbon worm bites you.
Ouch! That really hurt!
You die...

.#.##.#.#
#....#####
...##.#.#
###.###
..###.#.#
#.'.#
........#
#.###
..>.#####
#.#. #####
#.#.###
#.#...#
#.###w#
#...'@#
#######


You could see a ribbon worm (catching breath).

Vanquished Creatures
  2 adders (D:2)
  3 endoplasms
  A giant cockroach (D:3)
  3 goblins
  6 hobgoblins
  3 jackals (D:1)
  5 ball pythons
  2 bats
  3 frilled lizards
  3 kobolds
  2 rats
33 creatures vanquished.

Notes
Turn   | Place    | Note
-------+----------+-------------------------------------------
     0 | D:1      | NamelessAdventurer the Troll Fighter began the quest for
                  | the Orb.
     0 | D:1      | Reached XP level 1. HP: 22/22 MP: 0/0
   174 | D:1      | Reached XP level 2. HP: 22/29 MP: 1/1
   730 | D:2      | Reached XP level 3. HP: 33/36 MP: 2/2
   856 | D:3      | Reached skill level 3 in Shields
   866 | D:3      | Found a faded altar of an unknown god.
   890 | D:3      | Prayed at the altar of an unknown god.
   890 | D:3      | Became a worshipper of Cheibriados the Contemplative
   890 | D:3      | Reached * piety under Cheibriados
   937 | D:3      | Found a runed translucent door.
   938 | D:3      | Noticed tdog's ghost (amateur SpBr)
  1234 | D:2      | Slain by a ribbon worm

Illustrated notes

Levels and vault maps discovered:
D:1:      mrwooster_arrival_statue_3, layout_rooms, minmay_misc_feat_roman,
          amcnicky_mini_rare_corridor_liquid
D:2:      minmay_chambers_of_ones, layout_basic, minmay_gold_behind_fungi,
          serial_bayou_ford_a, minmay_box_of_dots
D:3:      layout_basic, hellmonk_ecumenical_altar_blasted,
          gammafunk_ghost_grave, kennysheep_jessica_study

Skill      XL: |  1  2  3 |
---------------+----------+-----
Shields        | 3 |  3.0
Fighting       | |  2.7
Armour         | |  0.2
Dodging        | |  2.7
Stealth        | |  0.3
Unarmed Combat | |  2.5
Shapeshifting  | |  0.6

Action                     || total
---------------------------++-------
  Melee: Unarmed           ||    98
    Use: Scroll            ||     2
         Potion            ||     1
 Armour: Robe              ||    69
  Dodge: Dodged            ||    36
  Block: Kite shield       ||    46
         Form:             ||     1
         Blade             ||     1
